 Dungeon Crawl Stone Soup version 0.28-a0-1344-g6b9ff3a05d (webtiles) character file.

Game seed: 5619071804880945624

85 Deminshera the Shooter (level 4, -1/27 HPs)
             Began as a Deep Elf Hunter on Dec 29, 2021.
             Slain by Blork the orc (10 damage)
             ... on level 4 of the Dungeon.
             The game lasted 00:05:17 (2330 turns).

Deminshera the Shooter (Deep Elf Hunter)            Turns: 2330, Time: 00:05:19

Health: -1/27      AC:  3    Str: 11    XL:     4   Next: 25%
Magic:  6/6        EV: 12    Int: 16    God:
Gold:   54         SH:  0    Dex: 15    Spells: 3/3 levels left

rFire   . . .      SeeInvis .   a - +1 shortbow
rCold   . . .      Faith    .   (shield currently unavailable)
rNeg    . . .      Spirit   .   c - +0 leather armour
rPois   .          Reflect  .   (no helmet)
rElec   .          Harm     .   (no cloak)
rCorr   .          Rampage  .   (no gloves)
Will    .....                   (no boots)
Stlth   ++........              (no amulet)
HPRegen 0.89/turn               (no ring)
MPRegen 0.10/turn               (no ring)

@: no status effects
A: regeneration 1, subdued magic 1
a: no special abilities


You were on level 4 of the Dungeon.
You visited 1 branch of the dungeon, and saw 3 of its levels.

You collected 54 gold pieces.

Inventory:

Hand Weapons
 a - a +1 shortbow (weapon)
 b - a +0 short sword
Armour
 c - a +0 leather armour (worn)
Scrolls
 h - a scroll of immolation


   Skills:
 * Level 2.6 Fighting
 + Level 5.8 Bows
 - Level 2.4 Dodging
 * Level 3.5 Stealth


You had 3 spell levels left.
You didn't know any spells.
Your spell library contained the following spells:

 Spells                   Type           Power      Damage    Failure   Level
 Dazzling Flash           Conj/Hex       0%         N/A       65%         3
 Iskenderun's Mystic Bla  Conj/Tloc      0%         2d3       96%         4
 Starburst                Conj/Fire      0%         6d3       100%        6


Dungeon Overview and Level Annotations

Branches:
Dungeon (2/15)

Altars:

Annotations:
D:4 Blork the orc


Innate Abilities, Weirdness & Mutations

Your natural rate of healing is unusually fast.
Your spells are a little easier to cast, but a little less powerful.


Message History

Found a stone staircase leading down.
You see here 15 stones.
Found a stone staircase leading down.
An ufetubus comes into view.
Found a scroll labelled CURUNLOXTO.
d - a scroll labelled CURUNLOXTO You open the door.
There is an open door here.
Why would you want to do that?
Blork the orc comes into view.
He is wielding a +0 mace.
Blork the orc shouts!
Blork the orc casts a spell at you. The magic dart hits you.
Blork the orc gestures at you while chanting.
The puff of flame hits you!
You aren't carrying any potions.
You aren't carrying any potions.
You aren't carrying any potions.
As you read the scroll labelled HYTEIKL XUACHUES, it crumbles to dust.
The air around you briefly surges with heat, but it dissipates.
It was a scroll of immolation.
Blork the orc casts a spell.
Blork the orc seems to speed up.
You aren't carrying any potions.
As you read the scroll labelled CURUNLOXTO, it crumbles to dust.
It is a scroll of amnesia.
You feel forgetful for a moment.
As you read the scroll labelled FAXACZ BOLOIRI, it crumbles to dust.
The scroll dissolves into smoke.
It was a scroll of fog.
Blork the orc frowns.
Blork the orc barely misses you. Blork the orc hits you with a +0 mace.
Blork the orc hits you with a +0 mace! Blork the orc hits you with a +0 mace!
Blork the orc gestures at you while chanting.
The magic dart hits you.
* * * LOW HITPOINT WARNING * * *
Blork the orc hits you with a +0 mace.
* * * LOW HITPOINT WARNING * * *
Blork the orc hits you with a +0 mace!
You die...

#.# ## ######.# 5#
#'..#..# .# ≈≈#....##
.# .≈#....# ### ###.#
.≈#....####.#####...#
.≈#.§§.........>#.###
###..§#####.###.#.#
....§§§§§§.....o@.#
##..§§#######>#(###
##..§§# #.#.# ##....#
#.#.# ####### #.#.#
#.#.# ###.#.#####
#...#.....#
######.###.###.#


You could see Blork the orc (fast).

Vanquished Creatures
  An orc wizard (D:2)
  Robin (D:1)
  An adder (D:2)
  A dart slug (D:1)
  4 orcs (D:2)
  2 ball pythons (D:1)
  An endoplasm (D:1)
  2 giant cockroaches (D:1)
  2 hobgoblins (D:1)
  3 kobolds (D:1)
  2 quokkas
  10 goblins
  2 rats (D:1)
32 creatures vanquished.

Notes
Turn   | Place    | Note
-------+----------+-------------------------------------------
     0 | D:1      | Deminshera the Deep Elf Hunter began the quest for the Orb.
     0 | D:1      | Reached XP level 1. HP: 12/12 MP: 3/3
   178 | D:1      | Noticed a shining eye
   181 | D:1      | Found a faded altar of an unknown god.
   183 | D:1      | Noticed a shining eye
   184 | D:1      | Noticed a great orb of eyes
   184 | D:1      | Noticed a great orb of eyes
   191 | D:1      | Reached XP level 2. HP: 17/17 MP: 4/4
  1271 | D:2      | Noticed Robin
  1574 | D:1      | Reached XP level 3. HP: 14/21 MP: 5/5
  1752 | D:1      | Killed Robin
  2197 | D:2      | HP: 1/33 [something (2)]
  2201 | D:2      | Gained mutation: Your spells are a little harder to cast,
                  | but a little more powerful. [potion of mutation]
  2201 | D:2      | Lost mutation: Your spells are a little harder to cast, but
                  | a little more powerful. [potion of mutation]
  2201 | D:2      | Gained mutation: Your spells are a little easier to cast,
                  | but a little less powerful. [potion of mutation]
  2201 | D:2      | Gained mutation: Your natural rate of healing is unusually
                  | fast. [potion of mutation]
  2204 | D:2      | Reached XP level 4. HP: 6/27 MP: 6/6
  2236 | D:2      | You fall into a shaft and drop 2 floors!
  2304 | D:4      | Noticed Blork the orc
  2330 | D:4      | Slain by Blork the orc

Illustrated notes

Levels and vault maps discovered:
D:1:      amcnicky_arrival_feature_with_door, layout_loops_ring,
          hellmonk_ecumenical_altar_watching_god, hex_tiny,
          serial_bayou_lagoon_a, st_stairs_11
D:2:      layout_basic, minmay_bisected, uniq_robin
D:4:      layout_basic, mainiacjoe_overflow_alcove_4,
          chequers_serial_rivers_room_a, uniq_blork_the_orc

Skill      XL: |  1  2  3 |
---------------+----------+-----
Stealth        | 2 3 |  3.5
Fighting       | 2 |  2.6
Bows           | |  5.8
Dodging        | |  2.4

Action                   |  1- 3 |  4- 6 || total
-------------------------+-------+-------++-------
Melee: Short sword       |    51 |     2 ||    53
 Fire: Shortbow          |    78 |       ||    78
  Use: Potion            |     3 |       ||     3
       Scroll            |       |     3 ||     3
Armor: Leather armour    |    18 |       ||    18
       Skin              |    18 |     1 ||    19
Dodge: Dodged            |    32 |     1 ||    33

Table legend: (Time is in decaauts)
 A = Elapsed time spent in this place.
 B = Non-inter-level travel time spent in this place.
 C = Inter-level travel time spent in this place.
 D = Time resting spent in this place.
 E = Time spent auto-exploring this place.
 F = Levels seen in this place.
 G = Mean time per level.
                   A        B        C        D        E       F      G
               +--------+--------+--------+--------+--------+-----+--------+
         Total |   2340 |   2319 |     21 |   1248 |    680 |   3 |  780.0 |
       Dungeon |   2340 |   2319 |     21 |   1248 |    680 |   3 |  780.0 |
               +--------+--------+--------+--------+--------+-----+--------+

Top non-repeatable levels by time:
     D:1: 2052 daAuts
     D:2: 194 daAuts
     D:4: 93 daAuts
